 Dungeon Crawl Stone Soup version 0.28-a0-773-g130ae17fe5 (webtiles) character file.

Game seed: 16051030518935550378

445 meatgazer the Skirmisher (level 6, 0/60 HPs)
             Began as a Minotaur Berserker on Nov 1, 2021.
             Was a Priest of Trog.
             Killed from afar by a white imp (1 damage)
             ... with a puff of frost
             ... summoned by Natasha
             ... on level 4 of the Dungeon.
             The game lasted 00:03:41 (3023 turns).

meatgazer the Skirmisher (Minotaur Berserker)       Turns: 3023, Time: 00:03:42

Health: 0/60       AC:  3    Str: 21    XL:     6   Next: 72%
Magic:  5/5        EV: 12    Int:  4    God:    Trog [***...]
Gold:   202        SH:  0    Dex: 12    Spells: 5/5 levels left

rFire   . . .      SeeInvis .   a - +0 falchion
rCold   . . .      Faith    .   (no shield)
rNeg    . . .      Spirit   .   b - +1 animal skin
rPois   .          Reflect  .   (helmet restricted)
rElec   +          Harm     .   (no cloak)
rCorr   .          Rampage  .   (no gloves)
Will    .....      Rage     1%  (no boots)
Stlth   +.........              (no amulet)
HPRegen 0.20/turn               (no ring)
MPRegen 0.09/turn               (no ring)

@: on berserk cooldown, flying, slowed, very slow
A: horns 2, retaliatory headbutt, berserk 1, electricity resistance
a: Renounce Religion, Berserk, Trog's Hand


You were on level 4 of the Dungeon.
You worshipped Trog.
Trog was most pleased with you.
You visited 1 branch of the dungeon, and saw 4 of its levels.

You collected 202 gold pieces.

Inventory:

Hand Weapons
 a - a +0 falchion (weapon)
Missiles
 f - 33 arrows
Armour
 b - a +1 animal skin (worn)
Jewellery
 c - a ring of protection from cold


   Skills:
 + Level 7.0 Fighting
 + Level 7.0 Long Blades
 - Level 2.4 Armour
 - Level 2.1 Dodging


You had 5 spell levels left.
You didn't know any spells.
Your spell library was empty.

Dungeon Overview and Level Annotations

Branches:
Dungeon (4/15)
 Temple: D:4-7

Altars:
Gozag
Okawaru
Qazlal
Ru

Annotations:
D:4 Natasha


Innate Abilities, Weirdness & Mutations

You have a pair of horns on your head.
You reflexively headbutt those who attack you in melee.
You tend to lose your temper in combat.
You are resistant to electric shocks. (rElec)


Message History

You start resting.
Natasha, Servant of Life and Death comes into view.
Natasha is nearby!
Natasha is nearby!
You are too injured to fight recklessly!
It was a potion of flight.
You feel very buoyant.
You fly up into the air.
Natasha hisses angrily.
Natasha claws you.
* * * LOW HITPOINT WARNING * * *
Items here: ))))) [[[[ †††††.
You slash Natasha!
Natasha is severely wounded.
Natasha stares at you and mumbles some strange words.
You resist with some effort.
You barely miss Natasha. You headbutt Natasha, but do no damage.
Natasha is severely wounded.
Natasha casts a spell. x2
You hit Natasha but do no damage.
Natasha is severely wounded.
Natasha claws you.
* * * LOW HITPOINT WARNING * * *
The white imp barely misses you. You furiously retaliate!
You headbutt the white imp! You miss Natasha. Your headbutt misses Natasha.
Natasha is severely wounded.
Natasha stares at you and mumbles some strange words.
The magic dart hits you.
* * * LOW HITPOINT WARNING * * *
The white imp closely misses you. You furiously retaliate!
You headbutt the white imp. Natasha claws you.
* * * LOW HITPOINT WARNING * * *
You closely miss Natasha.
Natasha is severely wounded.
The white imp gestures at you. The puff of frost misses you.
Natasha claws you but does no damage. The white imp gestures at you.
The puff of frost hits you.
You die...

#.# #. #.# .#### #.#
.... #.. ... #.## #..
#..## #..
###########....
###.5###............).
#...5@..!........#.###
......h##...####.#.#....
.....#. #.### #.#....##
.... #. #.# #.###..# ...
## #.# #.# ...# .. #.#
#.# #..<. # ... .^#
#.##. ..# ### .


You could see Natasha and 2 white imps.

Vanquished Creatures
  Sigmund (D:4)
  2 orc priests (D:4)
  A centaur skeleton (D:4)
  An orc wizard (D:4)
  Natasha (D:4)
  Robin (D:2)
  6 adders
  An ufetubus (D:4)
  7 orcs
  3 ball pythons
  6 endoplasms
  2 giant cockroaches (D:2)
  9 goblins
  7 hobgoblins
  5 jackals (D:1)
  2 quokkas
  8 bats
  5 frilled lizards
  4 kobolds
  6 rats
78 creatures vanquished.

Notes
Turn   | Place    | Note
-------+----------+-------------------------------------------
     0 | D:1      | meatgazer the Minotaur Berserker began the quest for the
                  | Orb.
     0 | D:1      | Reached XP level 1. HP: 19/19 MP: 0/0
   200 | D:1      | Reached XP level 2. HP: 25/27 MP: 1/1
   820 | D:1      | Reached ** piety under Trog
   854 | D:1      | Reached XP level 3. HP: 26/34 MP: 2/2
  1616 | D:2      | Reached XP level 4. HP: 27/41 MP: 3/3
  1617 | D:2      | Noticed Robin
  1626 | D:2      | Reached skill level 5 in Long Blades
  1626 | D:2      | Killed Robin
  1627 | D:2      | Reached skill level 5 in Fighting
  2342 | D:3      | Found a sacrificial altar of Ru.
  2475 | D:3      | Reached *** piety under Trog
  2521 | D:3      | Found an iron altar of Okawaru.
  2574 | D:3      | Found an opulent altar of Gozag.
  2591 | D:3      | Found a stormy altar of Qazlal.
  2608 | D:3      | Gained mutation: Your natural rate of healing is unusually
                  | fast. [potion of mutation]
  2609 | D:3      | Lost mutation: Your natural rate of healing is unusually
                  | fast. [potion of mutation]
  2609 | D:3      | Gained mutation: You are resistant to electric shocks.
                  | (rElec) [potion of mutation]
  2609 | D:3      | Gained mutation: You tend to lose your temper in combat.
                  | [potion of mutation]
  2810 | D:4      | Noticed Natasha
  2816 | D:4      | Reached XP level 5. HP: 50/50 MP: 4/4
  2826 | D:4      | Killed Natasha
  2836 | D:4      | Noticed Sigmund
  2854 | D:4      | Killed Sigmund
  2855 | D:4      | Reached XP level 6. HP: 33/58 MP: 5/5
  3016 | D:4      | Noticed Natasha
  3022 | D:4      | HP: 3/60 [Natasha/magic dart (6)]
  3022 | D:4      | HP: 1/60 [Natasha (2)]
  3023 | D:4      | Killed from afar by a white imp

Illustrated notes

Levels and vault maps discovered:
D:1:      saegor_arrival_simple_c, layout_loops_cross
D:2:      layout_rooms, uniq_robin
D:3:      layout_basic, nicolae_ru_awakened_eye, grunt_qazlal_sundering,
          mainiacjoe_overflow_big_doors
D:4:      layout_rooms, lightli_temple_of_fire,
          lemuel_zombie_altar_kikubaaqudgha, nzn_hepliaklqana_mist_gate,
          minmay_temple_entry_nine_rooms, serial_shops, shop, corner_web_ring,
          uniq_sigmund, uniq_ijyb, uniq_natasha, uniq_edmund

Skill      XL: |  1  2  3  4  5  6 |
---------------+-------------------+-----
Fighting       | 4 5 6 7 |  7.0
Long Blades    | 4 5 6 7 |  7.0
Armour         | |  2.4
Dodging        | |  2.1

Action                   |  1- 3 |  4- 6 || total
-------------------------+-------+-------++-------
Melee: Falchion          |    79 |    80 ||   159
       Headbutt          |     8 |    10 ||    18
Invok: Berserk           |       |     3 ||     3
  Use: Scroll            |     1 |     3 ||     4
       Potion            |       |     6 ||     6
Armor: Animal skin       |    18 |     9 ||    27
Dodge: Dodged            |    53 |    46 ||    99

Table legend: (Time is in decaauts)
 A = Elapsed time spent in this place.
 B = Non-inter-level travel time spent in this place.
 C = Inter-level travel time spent in this place.
 D = Time resting spent in this place.
 E = Time spent auto-exploring this place.
 F = Levels seen in this place.
 G = Mean time per level.
                   A        B        C        D        E       F      G
               +--------+--------+--------+--------+--------+-----+--------+
         Total |   3051 |   2990 |     61 |    429 |   2171 |   4 |  762.8 |
       Dungeon |   3051 |   2990 |     61 |    429 |   2171 |   4 |  762.8 |
               +--------+--------+--------+--------+--------+-----+--------+

Top non-repeatable levels by time:
     D:2: 1222 daAuts
     D:1: 1043 daAuts
     D:3: 561 daAuts
     D:4: 223 daAuts
